 Dungeon Crawl Stone Soup version 0.31.0-12-g77e489cdc1 (webtiles) character file.

Game seed: 17109967678239254992

2121 Cheops the Mimic (level 9, 0/54 (56) HPs)
             Began as an Octopode Shapeshifter on Feb 28, 2024.
             Was a Believer of Okawaru.
             Slain by a wight
             ... wielding a +2 battleaxe of freezing
              (2 damage)
             ... on level 7 of the Dungeon.
             The game lasted 00:24:29 (5916 turns).

Cheops the Mimic (Octopode Shapeshifter)            Turns: 5916, Time: 00:24:30

HP:   0/54 (56)     AC:  1    Str: 16 (17) XL:     9   Next: 29%
MP:   10/10         EV: 17    Int: 13      God:    Okawaru [**....]
Gold: 420           SH:  0    Dex: 11      Spells: 8/8 levels left

rFire   . .          .
                       - Unarmed
rCold   . . .        (shield currently unavailable)
rNeg    . . .        (helmet restricted)
rPois   .            l - amulet of regeneration
rElec   .            k - ring of see invisible
rCorr   .            (no ring)
SInv    +            (no ring)
Will    .....        (no ring)
Stlth   +            (no ring)
HPRegen 1.09/turn    (no ring)
MPRegen 0.12/turn    (no ring)
                     (no ring)

%: no passive effects
@: flux-form, glowing, lightly drained
A: glow, contaminating, almost no armour, amphibious, 8 rings, camouflage 1,
gelatinous body 1, (nimble swimmer 1), tentacles
a: Begin Untransformation, Renounce Religion, Heroism


You were on level 7 of the Dungeon.
You worshipped Okawaru.
Okawaru was pleased with you.
You were something dangerously unstable.
You visited 2 branches of the dungeon, and saw 8 of its levels.

You collected 420 gold pieces.

Inventory:

Armour
 M - a +0 buckler
Jewellery
 g - a ring of fire
 k - a ring of see invisible (left tentacle)
 l - an amulet of regeneration (around mantle)
 m - an amulet of guardian spirit
 t - a ring of ice
Talismans
 b - a beast talisman
 c - a flux talisman (active)
 d - a maw talisman
 e - a serpent talisman
Wands
 u - a wand of paralysis (6)
 E - a wand of digging (1)
 K - a wand of polymorph (12)
Scrolls
 f - a scroll of summoning {unknown}
 h - a scroll of blinking
 i - 2 scrolls of immolation
 s - a scroll of revelation
 w - a scroll of teleportation {unknown}
 x - 3 scrolls of fear
 y - a scroll of vulnerability
 D - a scroll of silence {unknown}
 I - a scroll of enchant weapon {unknown}
 J - a scroll of identify {unknown}
Potions
 a - 2 potions of lignification
 j - a potion of degeneration
 n - a potion of mutation {unknown}
 o - a potion of invisibility {unknown}
 p - a potion of brilliance
 r - 2 potions of enlightenment {unknown}
 v - 2 potions of haste {unknown}
 z - 3 potions of cancellation {unknown}
 B - a potion of berserk rage {unknown}
 C - a potion of might {unknown}
 F - a potion of ambrosia {unknown}
 G - a potion of resistance {unknown}
 H - 2 potions of curing {unknown}
 L - a potion of attraction {unknown}


   Skills:
 - Level 3.0 Fighting
 - Level 2.0 Dodging
 - Level 1.2 Shields
 - Level 7.0 Unarmed Combat
 - Level 2.0 Invocations
 - Level 5.0 Evocations
 + Level 8.0 Shapeshifting


You had 8 spell levels left.
You didn't know any spells.
Your spell library contained the following spells:

 Spells                   Type           Power      Damage    Failure   Level
 Freeze                   Ice            0%         1d3       30%         1
 Frozen Ramparts          Ice            0%         1d1       67%         3
 Hailstorm                Conj/Ice       0%         3d5       67%         3


Dungeon Overview and Level Annotations

Branches:
Dungeon (7/15)             Temple (1/1) D:4

Altars:
Cheibriados
Dithmenos
Elyvilon
Fedhas
Gozag
Hepliaklqana
Kikubaaqudgha
Nemelex Xobeh
Okawaru
Ru
Sif Muna
Trog
Uskayaw
Vehumet
Wu Jian
Zin
The Shining One

Annotations:
D:7 1 runed translucent door


Innate Abilities, Weirdness & Mutations

You are something dangerously unstable.
You glow with magical radiation, making you easy to see and hit.
Foes you strike become dangerously contaminated with magical radiation.
You are incapable of wielding weapons or throwing items.
You cannot wear most types of armour.
You are amphibious.
You can wear up to eight rings at the same time.
Your skin changes colour to match your surroundings (Stealth+).
Your rubbery body absorbs attacks. (AC +1, EV +1)
((You are camouflaged when in or above water. (Stealth+)))
You have tentacles for arms and can constrict up to eight enemies at once.


Message History

* * * LOW HITPOINT WARNING * * *
The wight freezes you!
* * * LOW HITPOINT WARNING * * *
The wight misses you.
Unknown command.
Unknown command.
You completely miss the wight. You grab the wight. You constrict the wight.
You constrict the wight, but do no damage.
Unknown command.
Unknown command.
Unknown command.
Unknown command.
You feel much better.
You constrict the wight. x2
The wight hits you with a +2 battleaxe of freezing!
* * * LOW HITPOINT WARNING * * *
The wight freezes you.
* * * LOW HITPOINT WARNING * * *
The wight barely misses you.
Unknown command.
Unknown command.
Unknown command.
Unknown command.
Unknown command.
You tentacle-slap the wight.
The wight shudders as magic cascades through it!!
You destroy the wight!
Okawaru accepts your kill.
You constrict the wight. The wight barely misses you.
You feel your strength returning.
Your Shapeshifting skill increases to level 8!
Unknown command.
Unknown command.
Unknown command.
You tentacle-slap the wight.
The wight begins to glow.
You squeeze the wight.
The wight is severely damaged.
You constrict the wight.
The wight hits you with a +2 battleaxe of freezing!
* * * LOW HITPOINT WARNING * * *
The wight freezes you.
You die...

.#!#......#
)###..o.# ####'#
$.).....# #....'
#.)#.)).'.. ....#
#))#.z..#.. #...#
#).#))..#...##...#
#.)#....#....z...#
#..#....#.......)###
#..#.o..# #.zp#.##
#..#..o.#
####...#..## #..#
........'...## #..#
...######....####
#..#
.#####.)...........
#..#
................####
#..#
............#####
#..#
............#...#
#..#
............'..##


You could see 2 wights.

Vanquished Creatures
  A water moccasin (D:7)
  Duvessa (D:4)
  An orc warrior (D:6)
  2 black bears (D:5)
  A crocodile (D:6)
  3 ogres
  A phantom (D:6)
  A kobold brigand (D:7)
  A scorpion (D:4)
  5 wights (D:7)
  Dowan (D:4)
  4 orc priests
  A bombardier beetle (D:3)
  4 hounds
  A jelly (D:6)
  Crazy Yiuf (D:4)
  5 iguanas
  Terence (D:2)
  Ijyb (D:3)
  3 orc wizards
  4 adders
  3 white imps
  4 ufetubi (D:5)
  5 ribbon worms
  22 orcs
  10 ball pythons
  A bat (D:2)
  7 endoplasms
  5 giant cockroaches
  6 goblins
  12 hobgoblins
  4 jackals (D:5)
  5 quokkas
  2 frilled lizards (D:3)
  14 kobolds
  A kobold skeleton (D:7)
  5 rats
149 creatures vanquished.

Vanquished Creatures (others)
  A goblin (D:4)
1 creature vanquished.

Grand Total: 150 creatures vanquished

Notes
Turn   | Place    | Note
-------+----------+-------------------------------------------
     0 | D:1      | Cheops the Octopode Shapeshifter began the quest for the
                  | Orb.
     0 | D:1      | Reached XP level 1. HP: 13/13 MP: 1/1
   135 | D:1      | Reached XP level 2. HP: 18/18 MP: 2/2
   893 | D:2      | Reached XP level 3. HP: 23/23 MP: 3/3
  1284 | D:2      | Reached XP level 4. HP: 21/28 MP: 4/4
  1425 | D:2      | Noticed Terence
  1434 | D:2      | Killed Terence
  1435 | D:2      | Reached skill level 5 in Unarmed Combat
  1597 | D:3      | Found a snail-covered altar of Cheibriados.
  1744 | D:3      | Reached XP level 5. HP: 33/33 MP: 5/5
  2043 | D:3      | Reached skill level 4 in Shapeshifting
  2169 | D:3      | Noticed Ijyb
  2179 | D:3      | Paralysed by Ijyb for 5 turns
  2186 | D:3      | Killed Ijyb
  2484 | D:4      | Reached XP level 6. HP: 31/38 MP: 6/6
  2751 | D:4      | Reached skill level 5 in Shapeshifting
  2853 | D:4      | Found an ancient bone altar of Kikubaaqudgha.
  2855 | D:4      | Found a white marble altar of Elyvilon.
  2905 | D:4      | Found a staircase to the Ecumenical Temple.
  2971 | D:4      | You fall into a shaft and drop 2 floors!
  2988 | D:5      | Entered Level 5 of the Dungeon
  3007 | D:5      | Reached skill level 1 in Evocations
  3242 | D:4      | Found a runed translucent door.
  3243 | D:4      | Noticed Crazy Yiuf
  3292 | D:4      | Noticed Dowan
  3296 | D:4      | Noticed Duvessa
  3312 | D:4      | Killed Duvessa
  3313 | D:4      | Reached XP level 7. HP: 43/43 MP: 7/7
  3317 | D:4      | Killed Dowan
  3318 | D:4      | Reached skill level 6 in Shapeshifting
  3524 | D:4      | Killed Crazy Yiuf
  3561 | Temple   | Entered the Ecumenical Temple
  3566 | Temple   | Became a worshipper of Warmaster Okawaru
  3949 | D:5      | Reached skill level 1 in Invocations
  4185 | D:5      | Found an opulent altar of Gozag.
  4231 | D:5      | Found a glowing silver altar of Zin.
  4417 | D:5      | Reached skill level 7 in Shapeshifting
  4417 | D:5      | Reached XP level 8. HP: 47/50 MP: 9/9
  4868 | D:6      | Reached * piety under Okawaru
  5364 | D:7      | Found a runed translucent door.
  5535 | D:7      | Reached skill level 1 in Shields
  5650 | D:7      | Reached XP level 9. HP: 24/56 MP: 8/10
  5704 | D:7      | Reached skill level 5 in Evocations
  5740 | D:7      | Reached ** piety under Okawaru
  5916 | D:7      | Reached skill level 8 in Shapeshifting
  5916 | D:7      | HP: 2/54 [wight/+2 battleaxe of freezing (16)]
  5916 | D:7      | Slain by a wight

Illustrated notes

Levels and vault maps discovered:
D:1:      lightli_arrival_maybe_door_vault, layout_loops_ring, serial_aquarium,
          aquarium_bridge_square [aquarium_subvault_bridge,
          aquarium_subvault_wall, aquarium_subvault_wall,
          aquarium_subvault_wall], aquarium_window_fake, aquarium_window_1,
          aquarium_window_2, aquarium_window_fake, aquarium_view_2e,
          aquarium_view_2b, nrook_uturn
D:2:      layout_loops_ring, minmay_door_square, minmay_misc_feat_rows,
          hex_medium, kennysheep_generic_room_11, uniq_terence
D:3:      layout_loops_cross, slow_altar_1, minmay_misc_feat_doors,
          minmay_fractal_squares_5, uniq_ijyb
D:4:      minmay_door_path, layout_basic, minitemple,
          minmay_temple_entry_drinking_statues, uniq_duvessa,
          uniq_crazy_yiuf_cottage
D:5:      layout_gridville, pdpol_temple_overflow_zin_treasury_gozag_greed,
          kennysheep_generic_room_3
D:6:      layout_basic
D:7:      layout_gridville, dk_yredelemnul_ordeal, tgw_xom, item_on_display_a
Temple:   nicolae_temple_ecumenical_triangle

Skill      XL: |  1  2  3  4  5  6  7  8  9 |
---------------+----------------------------+-----
Unarmed Combat | 4 5 7 |  7.0
Shapeshifting  | 4 5 7 8 |  8.0
Evocations     | 2 4 5 |  5.0
Invocations    | 2 |  2.0
Fighting       | 2 3 |  3.0
Shields        | 1 |  1.2
Dodging        | |  2.0

Action                     |  1- 3 |  4- 6 |  7- 9 || total
---------------------------+-------+-------+-------++-------
  Melee: Unarmed           |    64 |    95 |   149 ||   308
         Constrict         |    23 |    26 |    40 ||    89
         Tentacles         |    16 |    20 |    44 ||    80
         Punch             |       |     6 |     3 ||     9
 Invoke: Heroism           |       |       |     2 ||     2
Ability: Begin Untransform |     1 |       |     1 ||     2
  Evoke: Wand              |       |     2 |    10 ||    12
    Use: Scroll            |       |     2 |     4 ||     6
         Potion            |       |       |     4 ||     4
   Stab: Sleeping          |     9 |    11 |     2 ||    22
         Paralysed         |       |     5 |       ||     5
         Distracted        |       |     1 |       ||     1
 Armour: Skin              |    21 |    24 |    69 ||   114
  Dodge: Dodged            |    33 |    35 |    87 ||   155
   Form: Beast             |     1 |       |       ||     1
         Flux              |       |       |     2 ||     2
